 Dungeon Crawl Stone Soup version 0.18-a0-750-g37044d6 (webtiles) character file.

814 JokEr the Slasher (level 7, 0/53 HPs)
             Began as a High Elf Fighter on Dec 12, 2015.
             Slain by an ogre
             ... wielding a +0 giant spiked club
              (11 damage)
             ... on level 5 of the Dungeon.
             The game lasted 00:10:27 (5303 turns).

JokEr the Slasher (High Elf Fighter)                Turns: 5303, Time: 00:10:27

Health: 0/53       AC: 11    Str: 17    XL:     7   Next: 62%
Magic:  8/8        EV:  2    Int: 12    God:
Gold:   133        SH:  9    Dex: 15    Spells: 0 memorised, 6 levels left

rFire  . . .     SeeInvis .     a - +1 long sword
rCold  . . .     Clarity  .     w - +0 plate armour
rNeg   . . .     SustAt   .     c - +0 shield
rPois  .         Gourm    .     (no helmet)
rElec  .         Spirit   .     (no cloak)
rCorr  .         Dismiss  .     (no gloves)
rMut   .         Stasis   .     (no boots)
MR     .....                    (no amulet)
Stlth  ..........               (no ring)
                                (no ring)

@: about to teleport, not resistant to hostile enchantments, extremely
unstealthy
A: no striking features
a: no special abilities


You were on level 5 of the Dungeon.
You were not hungry.

You visited 1 branch of the dungeon, and saw 5 of its levels.

You collected 133 gold pieces.

Inventory:

Hand Weapons
 a - a +1 long sword (weapon)
Armour
 c - a +0 shield (worn)
 w - a +0 plate armour (worn)
Jewellery
 h - an uncursed ring of protection from fire
 s - an uncursed ring of fire
Scrolls
 d - 2 scrolls of enchant armour
 f - 4 scrolls of remove curse
 g - a scroll of magic mapping
 j - 3 scrolls of identify
 k - a scroll of noise
 q - a scroll of enchant weapon
 t - 2 scrolls of teleportation
Potions
 b - a potion of mutation
 i - a potion of agility
 m - 4 potions of lignification
 n - 2 potions of magic
 r - a potion of curing {unknown}
 v - a potion of poison
Books
 u - a book of Burglary

   Spells                             Type                      Level
   a - Swiftness                      Charms/Air                   2
   b - Passwall                       Transmutation/Earth          3
   c - Passage of Golubria            Translocation                4
   d - Lee's Rapid Deconstruction     Earth                        5
   e - Darkness                       Hexes                        6
   f - Invisibility                   Hexes                        6
Comestibles
 e - 4 bread rations
 l - 2 fruits
 o - a meat ration
 p - a slice of pizza


   Skills:
 + Level 6.7 Fighting
 + Level 7.7 Long Blades
 - Level 2.6 Armour
 - Level 2.6 Shields


You had 6 spell levels left.
You didn't know any spells.

Dungeon Overview and Level Annotations

Branches:
Dungeon (5/15)
 Temple: D:4-7

Altars:
Fedhas
Gozag
Qazlal
Sif Muna
Trog
The Shining One


Message History

You kill the jackal!
You slash the jackal!
You kill the jackal!
You hit the ogre.
The ogre is lightly wounded.
The ogre hits you with a giant spiked club!!
You slash the ogre!
The ogre is heavily wounded.
The ogre hits you with a giant spiked club!!
* * * LOW HITPOINT WARNING * * *
Read which item? (? for menu, Esc to quit)
Okay, then.
Drink which item? (? for menu, Esc to quit)
Okay, then.
Read which item? (? for menu, Esc to quit)
As you read the scroll of teleportation, it crumbles to dust.
You feel strangely unstable.
A jackal comes into view.
The ogre hits you with a giant spiked club!
You die...

#..# ####### #.h## #...^#. .#
##..# #.##.#.####.#
#..###.##.#....#.###.
#.(.##.##.##........
##..##.##.........#
#..##†#####......#
#########O#†...# #÷.....#
#.........@....# #...##.#
#........#.....# #<...(.#
#........#.#'### #.#.#### #####
#(.......#...# #.#.#
....###........##..# #.#.#
.....##........+..># #.#.#.#
#'##...........###.# #.#.#.#.#
...####............# #.#<#.#.#
...#####################...#.#.#


You could see an ogre and a jackal.

Vanquished Creatures
  A water moccasin (D:5)
  2 phantoms (D:4)
  An ogre (D:4)
  A giant frog (D:4)
  2 hounds
  An orc wizard (D:4)
  3 worker ants (D:4)
  2 iguanas (D:4)
  A hound skeleton (D:4)
  7 adders
  2 oozes
  An adder skeleton (D:4)
  2 worms
  10 orcs
  4 giant cockroaches
  10 goblins
  2 hobgoblins
  4 jackals
  3 quokkas
  2 ball pythons
  9 bats
  4 giant newts
  A jackal skeleton (D:4)
  9 kobolds
  21 rats
105 creatures vanquished.

Notes
Turn   | Place    | Note
--------------------------------------------------------------
     0 | D:1      | JokEr the High Elf Fighter began the quest for the Orb.
     0 | D:1      | Reached XP level 1. HP: 16/16 MP: 2/2
   150 | D:1      | Reached XP level 2. HP: 17/21 MP: 3/3
   535 | D:1      | Reached XP level 3. HP: 18/27 MP: 4/4
  1113 | D:2      | Reached skill level 4 in Fighting
  1155 | D:2      | Reached XP level 4. HP: 33/33 MP: 5/5
  1163 | D:2      | Found a blossoming altar of Fedhas.
  1673 | D:2      | Found an opulent altar of Gozag.
  1981 | D:3      | Found a faded altar to an unknown god.
  2485 | D:3      | Found a stormy altar of Qazlal.
  2569 | D:3      | Reached XP level 5. HP: 34/38 MP: 6/6
  2678 | D:3      | Found a bloodstained altar of Trog.
  2681 | D:3      | Found a deep blue altar of Sif Muna.
  2684 | D:3      | Found a glowing golden altar of the Shining One.
  2882 | D:4      | Noticed an ogre
  2888 | D:4      | Reached skill level 5 in Long Blades
  2891 | D:4      | Killed an ogre
  2891 | D:4      | Reached skill level 5 in Fighting
  2891 | D:4      | Reached XP level 6. HP: 16/45 MP: 7/7
  3648 | D:4      | Reached skill level 6 in Long Blades
  4273 | D:4      | Reached XP level 7. HP: 39/51 MP: 8/8
  4295 | D:4      | Reached skill level 7 in Long Blades
  4753 | D:5      | Entered Level 5 of the Dungeon
  5303 | D:5      | Slain by an ogre

Vault maps used:
D:1:      erik_arrival_orb_chamber
D:2:      wad_crossroads, old_standard_altar, first_bread,
          nicolae_gozag_seed_capital
D:3:      grunt_temple_overflow_diamond, nicolae_qazlal_eye_of_the_storm,
          ecumenical_altar_2
D:5:      sigmund_army

Action                   |  1- 3 |  4- 6 |  7- 9 || total
-------------------------+-------+-------+-------++-------
Melee: Long sword        |   122 |   171 |    76 ||   369
  Use: Scroll            |     6 |       |    10 ||    16
       Potion            |       |     1 |       ||     1
  Eat: Bread ration      |     1 |     1 |       ||     2
       Fruit             |       |     2 |     5 ||     7
